 Dungeon Crawl Stone Soup version 0.32-a0-699-g1ee5eff69a (webtiles) character file.

Game seed: 15914636553682858637

181 Alarak the Ruffian (level 5, -2/39 HPs)
             Began as a Merfolk Shapeshifter on Mar 13, 2024.
             Slain by Grinder (5 damage)
             ... on level 3 of the Dungeon.
             The game lasted 00:05:36 (1952 turns).

Alarak the Ruffian (Merfolk Shapeshifter)           Turns: 1952, Time: 00:05:39

Health: -2/39      AC:  3    Str: 16    XL:     5   Next: 61%
Magic:  5/5        EV: 12    Int:  9    God:
Gold:   135        SH:  0    Dex: 14    Spells: 4/4 levels left

rFire   x .          .
                       - Unarmed
rCold   + . .        (no shield)
rNeg    . . .        k - +0 leather armour
rPois   .            (helmet currently unavailable)
rElec   .            (cloak currently unavailable)
rCorr   .            (gloves currently unavailable)
SInv    .            (boots currently unavailable)
Will    .....        m - amulet of the acrobat
Stlth   +            g - ring of ice
HPRegen 0.26/turn    (no ring)
MPRegen 0.09/turn

%: acrobat
@: beast-form
A: beast (slay +2), (nimble swimmer 2), mertail
a: Begin Untransformation


You were on level 3 of the Dungeon.
You were a hulking beast.
You visited 1 branch of the dungeon, and saw 3 of its levels.

You collected 135 gold pieces.

Inventory:

Armour
 a - a +0 animal skin
 k - a +0 leather armour (worn)
Jewellery
 g - a ring of ice (left hand)
 m - an amulet of the acrobat (around neck)
Talismans
 c - a beast talisman (active)
 d - a flux talisman
Wands
 l - a wand of charming (7)
Scrolls
 e - 5 scrolls of identify
 h - a scroll of immolation
 o - a scroll of poison {unknown}
 p - a scroll of fog {unknown}
 q - a scroll of silence {unknown}
Potions
 b - a potion of lignification
 f - 3 potions of degeneration
 i - 2 potions of heal wounds {unknown}
 j - a potion of magic {unknown}
 n - 2 potions of cancellation {unknown}


   Skills:
 + Level 2.7 Fighting
 - Level 5.0 Dodging
 - Level 5.0 Unarmed Combat
 - Level 4.0 Shapeshifting


You had 4 spell levels left.
You didn't know any spells.
Your spell library contained the following spells:

 Spells                   Type           Power      Damage    Failure   Level
 Magic Dart               Conj           0%         1d3       45%         1
 Searing Ray              Conj           0%         2d4       58%         2
 Hailstorm                Conj/Ice       0%         3d5       83%         3
 Summon Ice Beast         Ice/Summ       0%         N/A       83%         3
 Fulminant Prism          Conj/Alch      0%         3d5       99%         4
 Permafrost Eruption      Ice/Erth       0%         2x4d2     100%        6
 Sculpt Simulacrum        Ice/Alch       0%         N/A       100%        6


Dungeon Overview and Level Annotations

Branches:
Dungeon (3/15)

Altars:
Gozag

Shops:
D:2 :

Annotations:
D:3 Grinder


Innate Abilities, Weirdness & Mutations

You are a hulking beast.
Your limbs bulge with bestial killing power. (Slay +2)
((You are very nimble when in or above water. (Stealth+, EV+, Speed+++)))
Your lower body shifts to a powerful aquatic tail in water.


Message History

Grinder comes into view.
Grinder shouts!
Grinder barely misses you.
You punch Grinder!
Grinder is lightly wounded.
Grinder hits you.
You writhe in agony.
You hit Grinder but do no damage.
Grinder is lightly wounded.
Grinder gestures at you. You resist with significant effort.
You hit Grinder.
Grinder is moderately wounded.
Grinder misses you.
You closely miss Grinder.
Grinder is moderately wounded.
Grinder says, "My boss said I was rubbish.
His entrails said otherwise."
Grinder barely misses you.
You barely miss Grinder.
Grinder is moderately wounded.
Grinder hits you!
You writhe in agony.
You hit Grinder. Your punch misses Grinder.
Grinder is heavily wounded.
You hit Grinder but do no damage.
Grinder is heavily wounded.
Grinder hits you but does no damage.
Okay, then.
You hit Grinder.
Grinder is severely wounded.
Grinder hits you.
You writhe in agony.
* * * LOW HITPOINT WARNING * * *
You hit Grinder.
Grinder is severely wounded.
Grinder closely misses you.
You hit Grinder.
Grinder is almost dead.
Grinder hits you!
* * * LOW HITPOINT WARNING * * *
You writhe in agony.
You die...
Grinder says, "Now the real fun starts!"

####### ***** #.....#
*,,.#******
#######...).########....,,,,,*
.................5....(.,,,,,*
#.#####.....#.##h####.##***,,*
...# #.....#.##.# *,*****,,*
#<.######)###.##.## *,*,,,,,,*
..........###.#...***,*,***,**
.....####..........,,,,,,,,,*
####.####.###.#...##*,,,*****
.................## *,,,*
#########..####### #...#
...........# #...#


You could see Grinder.

Vanquished Creatures
  Jessica (D:3)
  Natasha (thrice) (D:3)
  3 adders
  2 dart slugs (D:1)
  An orc (D:3)
  3 endoplasms
  2 giant cockroaches
  4 hobgoblins
  9 jackals
  3 quokkas
  5 ball pythons
  4 bats
  4 frilled lizards
  5 kobolds
  A rat (D:3)
50 creatures vanquished.

Notes
Turn   | Place    | Note
-------+----------+-------------------------------------------
     0 | D:1      | Alarak the Merfolk Shapeshifter began the quest for the
                  | Orb.
     0 | D:1      | Reached XP level 1. HP: 15/15 MP: 1/1
   125 | D:1      | Reached XP level 2. HP: 18/21 MP: 2/2
   690 | D:2      | Reached XP level 3. HP: 25/26 MP: 3/3
   762 | D:2      | Found an opulent altar of Gozag.
  1097 | D:2      | Reached skill level 5 in Unarmed Combat
  1136 | D:2      | Found Icutafuo's Book Emporium.
  1416 | D:3      | Reached XP level 4. HP: 32/32 MP: 4/4
  1742 | D:3      | Noticed Natasha
  1753 | D:3      | Killed Natasha
  1811 | D:3      | Noticed Natasha
  1825 | D:3      | Killed Natasha
  1826 | D:3      | Reached skill level 5 in Dodging
  1826 | D:3      | Reached XP level 5. HP: 37/37 MP: 5/5
  1831 | D:3      | Noticed Jessica
  1836 | D:3      | Killed Jessica
  1852 | D:3      | Noticed Natasha
  1858 | D:3      | Killed Natasha
  1936 | D:3      | Noticed Grinder
  1952 | D:3      | Slain by Grinder

Illustrated notes

Levels and vault maps discovered:
D:1:      reono_arrival_forest_river, layout_loops_cross
D:2:      layout_rooms, basic_altar, serial_shops, nicolae_shop_hallway_plus,
          kennysheep_potato
D:3:      layout_loops_ring, uniq_natasha, uniq_grinder, uniq_jessica

Skill      XL: |  1  2  3  4  5 |
---------------+----------------+-----
Unarmed Combat | 4 5 |  5.0
Dodging        | 3 5 |  5.0
Fighting       | 2 |  2.7
Shapeshifting  | |  4.0

Action                     |  1- 3 |  4- 6 || total
---------------------------+-------+-------++-------
  Melee: Unarmed           |    92 |    68 ||   160
         Punch             |     2 |     2 ||     4
    Use: Scroll            |     4 |       ||     4
   Stab: Sleeping          |     1 |       ||     1
 Armour: Animal skin       |    19 |       ||    19
         Leather armour    |    22 |    30 ||    52
  Dodge: Dodged            |    52 |    40 ||    92

Table legend: (Time is in decaauts)
 A = Elapsed time spent in this place.
 B = Non-inter-level travel time spent in this place.
 C = Inter-level travel time spent in this place.
 D = Time resting spent in this place.
 E = Time spent auto-exploring this place.
 F = Levels seen in this place.
 G = Mean time per level.
                   A        B        C        D        E       F      G
               +--------+--------+--------+--------+--------+-----+--------+
         Total |   1927 |   1880 |     47 |    298 |   1228 |   3 |  642.3 |
       Dungeon |   1927 |   1880 |     47 |    298 |   1228 |   3 |  642.3 |
               +--------+--------+--------+--------+--------+-----+--------+

Top non-repeatable levels by time:
     D:1: 655 daAuts
     D:2: 644 daAuts
     D:3: 626 daAuts
